NCAA
GEORGIA TECH YELLOW JACKETS @ VIRGINIA TECH HOKIES
04/19/2024
 
TOP OF THE 1ST
Georgia Tech Yellow Jackets batting - Pitching for Virginia Tech Hokies : RHP Kel Meyer
Pitching: RHP Kel Meyer
Batting: LHB Mike Harris 0-0: Called Strike
0-1: Ball
1-1: SINGLE (Flyball, 78S)
Batting: SHB Ramón Valdés 0-0: Called Strike
0-1: Ball
1-1: Swinging Strike
1-2: Strikes out swinging
Batting: LHB Héctor Soto 0-0: Ball
Mike Harris is caught stealing 2nd base
1-0: Called Strike
1-1: Ground out 4-3 (Groundball, 4)
Top of the 1st over - 0 run(s), 1 hit(s), 0 error(s), 0 left on base; Georgia Tech 0 - Virginia Tech 0
BOTTOM OF THE 1ST
Virginia Tech Hokies batting - Pitching for Georgia Tech Yellow Jackets : RHP Randall Martin
Pitching: RHP Randall Martin
Batting: RHB Jerry Moore 0-0: Foul Ball, location: 2F
0-1: Ball
1-1: Ball
2-1: Ball
3-1: Base on Balls
Batting: LHB Ken Walden 0-0: Called Strike
0-1: Ball
1-1: Swinging Strike
1-2: Ball
2-2: Foul Ball, location: 2F
2-2: Foul Ball, location: 2F
2-2: Foul Ball, location: 2F
2-2: Strikes out looking
Jerry Moore steals 2nd base
Batter strikes out.
Batting: RHB Francisco González 0-0: Ball
1-0: Foul Ball, location: 2F
1-1: Swinging Strike
1-2: Ball
Wild Pitch!
Jerry Moore to third
2-2: Foul Ball, location: 2F
2-2: Strikes out swinging
Batting: RHB Felipe Núñez 0-0: Ball
1-0: Swinging Strike
1-1: Fly out, F8 (Flyball, 8LS)
Bottom of the 1st over - 0 run(s), 0 hit(s), 0 error(s), 1 left on base; Georgia Tech 0 - Virginia Tech 0
TOP OF THE 2ND
Georgia Tech Yellow Jackets batting - Pitching for Virginia Tech Hokies : RHP Kel Meyer
Batting: RHB Luis Antonio Cuevas 0-0: Ball
1-0: Called Strike
1-1: Foul Ball, location: 2F
1-2: Ground out 4-3 (Groundball, 4)
Batting: RHB Jonny Lord 0-0: SINGLE (Line Drive, 9S)
Batting: RHB John Smith 0-0: Fielders Choice at 2nd, 5-4 (Groundball, 56)
Batting: RHB Rodrigo Carballeira 0-0: Swinging Strike
0-1: Ball
1-1: Foul Ball, location: 2F
1-2: Strikes out swinging
Top of the 2nd over - 0 run(s), 1 hit(s), 0 error(s), 1 left on base; Georgia Tech 0 - Virginia Tech 0
BOTTOM OF THE 2ND
Virginia Tech Hokies batting - Pitching for Georgia Tech Yellow Jackets : RHP Randall Martin
Batting: RHB Matt Dickson 0-0: Swinging Strike
0-1: Foul Ball, location: 2F
0-2: Strikes out swinging
Batting: RHB Gilberto Bracamontes 0-0: Swinging Strike
0-1: Swinging Strike
0-2: Ball
1-2: Ball
2-2: Strikes out swinging
Batting: RHB Francisco Medina 0-0: Ball
1-0: Foul Ball, location: 2F
1-1: DOUBLE (Flyball, 8RXD)
Batting: RHB Doug Hunt 0-0: Ball
1-0: Ball
2-0: Ball
3-0: Called Strike
3-1: Foul Ball, location: 2F
3-2: Foul Ball, location: 2F
3-2: Foul Ball, location: 2F
3-2: Foul Ball, location: 2F
3-2: Foul Ball, location: 2F
3-2: Ground out 6-3 (Groundball, 6)
Bottom of the 2nd over - 0 run(s), 1 hit(s), 0 error(s), 1 left on base; Georgia Tech 0 - Virginia Tech 0
TOP OF THE 3RD
Georgia Tech Yellow Jackets batting - Pitching for Virginia Tech Hokies : RHP Kel Meyer
Batting: RHB Pete McKee 0-0: Ball
1-0: Called Strike
1-1: Ball
2-1: Swinging Strike
2-2: Strikes out swinging
Batting: RHB Pedro Fernández 0-0: Called Strike
0-1: DOUBLE (Line Drive, 9LM)
Batting: LHB Mike Harris 0-0: Ball
1-0: SINGLE (Groundball, 34D) (infield hit)
Pedro Fernández to third
Batting: SHB Ramón Valdés 0-0: Called Strike
0-1: Foul Ball, location: 2F
0-2: Ball
1-2: Strikes out looking
Batting: LHB Héctor Soto Pickoff Throw to First - Out!
Top of the 3rd over - 0 run(s), 2 hit(s), 0 error(s), 0 left on base; Georgia Tech 0 - Virginia Tech 0
BOTTOM OF THE 3RD
Virginia Tech Hokies batting - Pitching for Georgia Tech Yellow Jackets : RHP Randall Martin
Batting: LHB Kenny Harris 0-0: Called Strike
0-1: Fly out, F9 (Flyball, 9M)
Batting: RHB Jerry Moore 0-0: Called Strike
0-1: Ball
1-1: Called Strike
1-2: Ball
2-2: Ball
3-2: Base on Balls
Batting: LHB Ken Walden 0-0: Called Strike
0-1: Ball
1-1: Ball
2-1: Ball
3-1: Foul Ball, location: 2F
3-2: Base on Balls
Jerry Moore to second
Batting: RHB Francisco González 0-0: Called Strike
0-1: Fly out, F9 (Flyball, 9M)
Batting: RHB Felipe Núñez 0-0: Called Strike
0-1: Swinging Strike
0-2: Ball
1-2: Ball
2-2: Ball
3-2: SINGLE (Line Drive, 3L)
Jerry Moore to third
Ken Walden to second
Jerry Moore scores
Ken Walden to third
Batting: RHB Matt Dickson 0-0: Ball
1-0: Ground out 5-3 (Groundball, 5D)
Bottom of the 3rd over - 1 run(s), 1 hit(s), 0 error(s), 2 left on base; Georgia Tech 0 - Virginia Tech 1
TOP OF THE 4TH
Georgia Tech Yellow Jackets batting - Pitching for Virginia Tech Hokies : RHP Kel Meyer
Batting: LHB Héctor Soto 0-0: Ball
1-0: Fly out, F9 (Flyball, 89M)
Batting: RHB Luis Antonio Cuevas 0-0: Foul Ball, location: 2F
0-1: Swinging Strike
0-2: Ball
1-2: Foul Ball, location: 2F
1-2: Foul Ball, location: 2F
1-2: Strikes out looking
Batting: RHB Jonny Lord 0-0: Foul Ball, location: 2F
0-1: Ball
1-1: Foul Ball, location: 2F
1-2: Ground out 4-3 (Groundball, 4MS)
Top of the 4th over - 0 run(s), 0 hit(s), 0 error(s), 0 left on base; Georgia Tech 0 - Virginia Tech 1
BOTTOM OF THE 4TH
Virginia Tech Hokies batting - Pitching for Georgia Tech Yellow Jackets : RHP Randall Martin
Batting: RHB Gilberto Bracamontes 0-0: Fly out, F4 (Popup, 3F)
Batting: RHB Francisco Medina 0-0: Ball
1-0: Called Strike
1-1: Foul Ball, location: 2F
1-2: Foul Ball, location: 2F
1-2: Foul Ball, location: 2F
1-2: Foul Ball, location: 2F
1-2: Strikes out swinging
Batting: RHB Doug Hunt 0-0: Foul Ball, location: 2F
0-1: Called Strike
0-2: Ground out 1-3 (Groundball, 15)
Bottom of the 4th over - 0 run(s), 0 hit(s), 0 error(s), 0 left on base; Georgia Tech 0 - Virginia Tech 1
TOP OF THE 5TH
Georgia Tech Yellow Jackets batting - Pitching for Virginia Tech Hokies : RHP Kel Meyer
Batting: RHB John Smith 0-0: Ball
1-0: Ball
2-0: Ball
3-0: Base on Balls
Batting: RHB Rodrigo Carballeira 0-0: Ball
1-0: Swinging Strike
1-1: Ball
2-1: Foul Ball, location: 2F
2-2: Fly out, F1 (Line Drive, 13)
2-2: Lined into DP, 1-3 (Line Drive, 13)
Batting: RHB Pete McKee 0-0: Called Strike
0-1: SINGLE (Groundball, 5D)
Batting: RHB Pedro Fernández 0-0: Fielders Choice at 2nd, 5-4 (Groundball, 56)
Top of the 5th over - 0 run(s), 1 hit(s), 0 error(s), 0 left on base; Georgia Tech 0 - Virginia Tech 1
BOTTOM OF THE 5TH
Virginia Tech Hokies batting - Pitching for Georgia Tech Yellow Jackets : RHP Randall Martin
Batting: LHB Kenny Harris 0-0: Ball
1-0: Foul Ball, location: 2F
1-1: Swinging Strike
1-2: Foul Ball, location: 2F
1-2: Ball
2-2: Ball
3-2: Ground out 1-3 (Groundball, 25)
Pitching: LHP Michael Stewart
Batting: RHB Jerry Moore 0-0: SINGLE (Line Drive, 8RS)
Batting: LHB Ken Walden 0-0: Ball
Passed Ball!
Jerry Moore to second
1-0: Called Strike
Jerry Moore steals 3rd base
1-1: Ball
2-1: Foul Ball, location: 2F
2-2: Ball
3-2: Fly out, F7 (Flyball, 7LM)
Runner from 3rd tags up, SCORES, no throw
Batting: RHB Francisco González 0-0: Called Strike
0-1: Fly out, F8 (Flyball, 8LS)
Bottom of the 5th over - 1 run(s), 1 hit(s), 0 error(s), 0 left on base; Georgia Tech 0 - Virginia Tech 2
TOP OF THE 6TH
Georgia Tech Yellow Jackets batting - Pitching for Virginia Tech Hokies : RHP Kel Meyer
Batting: LHB Mike Harris 0-0: Ground out 4-3 (Groundball, 4)
Batting: SHB Ramón Valdés 0-0: Called Strike
0-1: Ball
1-1: Ball
2-1: Foul Ball, location: 2F
2-2: Ball
3-2: Fly out, F5 (Popup, 5F)
Batting: LHB Héctor Soto 0-0: Ball
1-0: Ball
2-0: Foul Ball, location: 2F
2-1: Ball
3-1: Called Strike
3-2: Base on Balls
Batting: RHB Luis Antonio Cuevas 0-0: Ball
1-0: Fly out, F7 (Popup, 6D)
Top of the 6th over - 0 run(s), 0 hit(s), 0 error(s), 1 left on base; Georgia Tech 0 - Virginia Tech 2
BOTTOM OF THE 6TH
Virginia Tech Hokies batting - Pitching for Georgia Tech Yellow Jackets : LHP Michael Stewart
Batting: RHB Felipe Núñez 0-0: Ground out 6-3 (Groundball, 6MS)
Batting: RHB Matt Dickson 0-0: Ball
1-0: Foul Ball, location: 2F
1-1: Ground out 5-3 (Groundball, 56)
Batting: RHB Gilberto Bracamontes 0-0: Swinging Strike
0-1: Foul Ball, location: 2F
0-2: Strikes out swinging
Bottom of the 6th over - 0 run(s), 0 hit(s), 0 error(s), 0 left on base; Georgia Tech 0 - Virginia Tech 2
TOP OF THE 7TH
Georgia Tech Yellow Jackets batting - Pitching for Virginia Tech Hokies : RHP Kel Meyer
Batting: RHB Jonny Lord 0-0: Called Strike
0-1: Ground out 4-3 (Groundball, 34)
Batting: RHB John Smith 0-0: Ball
1-0: Ball
2-0: Ball
3-0: SINGLE (Flyball, 78S)
Batting: RHB Rodrigo Carballeira 0-0: Ball
John Smith steals 2nd base
1-0: Ball
2-0: Called Strike
2-1: Ground out 6-3 (Groundball, 6)
Pitching: RHP Sergio Álvarez
Batting: RHB Pete McKee 0-0: Ball
1-0: Foul Ball, location: 2F
1-1: Fly out, F7 (Flyball, 78M)
Top of the 7th over - 0 run(s), 1 hit(s), 0 error(s), 1 left on base; Georgia Tech 0 - Virginia Tech 2
BOTTOM OF THE 7TH
Virginia Tech Hokies batting - Pitching for Georgia Tech Yellow Jackets : LHP Michael Stewart
Batting: RHB Francisco Medina 0-0: Foul Ball, location: 2F
0-1: Called Strike
0-2: Reached on error, E1 (Groundball, 15)
Batting: RHB Doug Hunt 0-0: Ball
1-0: Bunted foul
1-1: Sac Bunt - play at first, batter OUT! 2-4
Francisco Medina to second
Batting: LHB Kenny Harris 0-0: Swinging Strike
0-1: Called Strike
0-2: Strikes out swinging
Batting: RHB Jerry Moore 0-0: Foul Ball, location: 2F
0-1: Ball
1-1: Foul Ball, location: 2F
1-2: Strikes out swinging
Bottom of the 7th over - 0 run(s), 0 hit(s), 1 error(s), 1 left on base; Georgia Tech 0 - Virginia Tech 2
TOP OF THE 8TH
Georgia Tech Yellow Jackets batting - Pitching for Virginia Tech Hokies : RHP Sergio Álvarez
Batting: RHB Pedro Fernández 0-0: Fly out, F9 (Flyball, 89M)
Batting: LHB Mike Harris 0-0: Ball
1-0: Ball
2-0: Ball
3-0: Called Strike
3-1: Called Strike
3-2: Foul Ball, location: 2F
3-2: Base on Balls
Pitching: LHP Ángel Rodríguez
Batting: SHB Ramón Valdés 0-0: Ball
1-0: Swinging Strike
1-1: Ground out 4-3 (Groundball, 4M)
Mike Harris to second
Batting: LHB Héctor Soto 0-0: Ground out 4-3 (Groundball, 4)
Top of the 8th over - 0 run(s), 0 hit(s), 0 error(s), 1 left on base; Georgia Tech 0 - Virginia Tech 2
BOTTOM OF THE 8TH
Virginia Tech Hokies batting - Pitching for Georgia Tech Yellow Jackets : LHP Michael Stewart
Pitching: RHP Adam Knight
Batting: LHB Ken Walden 0-0: Ground out 6-3 (Groundball, 6)
Batting: RHB Francisco González 0-0: Foul Ball, location: 2F
0-1: Swinging Strike
0-2: Ball
1-2: Ball
2-2: Strikes out looking
Batting: RHB Felipe Núñez 0-0: Ball
1-0: Ball
2-0: Ball
3-0: Called Strike
3-1: Base on Balls
Batting: RHB Matt Dickson 0-0: Ball
1-0: Fly out, F8 (Flyball, 8LXD)
Bottom of the 8th over - 0 run(s), 0 hit(s), 0 error(s), 1 left on base; Georgia Tech 0 - Virginia Tech 2
TOP OF THE 9TH
Georgia Tech Yellow Jackets batting - Pitching for Virginia Tech Hokies : LHP Ángel Rodríguez
Pitching: RHP Randy Hill
Batting: RHB Luis Antonio Cuevas 0-0: Foul Ball, location: 2F
0-1: Called Strike
0-2: Strikes out looking
Batting: RHB Jonny Lord 0-0: Fly out, F8 (Flyball, 8RD)
Batting: RHB John Smith 0-0: Called Strike
0-1: Ball
1-1: Called Strike
1-2: Ball
2-2: Foul Ball, location: 2F
2-2: Foul Ball, location: 2F
2-2: DOUBLE (Groundball, 5L)
Pinch Hitting: RHB Joe Atkinson 0-0: Called Strike
0-1: Ball
Wild Pitch!
John Smith to third
1-1: Ball
2-1: SINGLE (Line Drive, 8LS)
John Smith scores
Batting: RHB Pete McKee 0-0: Called Strike
0-1: Called Strike
0-2: Strikes out swinging
Top of the 9th over - 1 run(s), 2 hit(s), 0 error(s), 1 left on base; Georgia Tech 1 - Virginia Tech 2
This league is powered by Out of the Park Baseball, the baseball management simulation game for PC, Mac and Linux
Saturday, April 9th, 2016 - OOTP Baseball 16.8 Build 38